 Dungeon Crawl Stone Soup version 0.32-a0-913-g739538a (webtiles) character file.

Game seed: 14908048897475617703

54 Dorkslayer the Trooper (level 3, 0/33 HPs)
             Began as a Mountain Dwarf Fighter on Apr 9, 2024.
             Slain by a gnoll
             ... wielding a +2 vampiric spear
              (4 damage)
             ... on level 2 of the Dungeon.
             The game lasted 00:02:01 (688 turns).

Dorkslayer the Trooper (Mountain Dwarf Fighter)      Turns: 688, Time: 00:02:02

Health: 0/33       AC: 10    Str: 20    XL:     3   Next: 66%
Magic:  3/3        EV:  8    Int:  8    God:
Gold:   53         SH:  4    Dex:  9    Spells: 2/2 levels left

rFire   . . .        a - +0 war axe
rCold   . . .        c - +0 buckler
rNeg    . . .        g - +3 scale mail
rPois   .            (no helmet)
rElec   .            (no cloak)
rCorr   .            (no gloves)
SInv    .            (no boots)
Will    .....        (no amulet) Stlth
                     (no ring)
HPRegen 0.25/turn    (no ring)
MPRegen 0.08/turn

%: no passive effects
@: mighty, hasted, very quick
A: runic magic, artefact enchanting
a: no special abilities


You were on level 2 of the Dungeon.
You visited 1 branch of the dungeon, and saw 2 of its levels.

You collected 53 gold pieces.

Inventory:

Hand Weapons
 a - a +0 war axe (weapon)
Missiles
 b - 2 javelins (quivered)
Armour
 c - a +0 buckler (worn)
 g - a +3 scale mail (worn)
Scrolls
 e - a scroll of immolation {unknown}
 f - a scroll of vulnerability {unknown}
 h - a scroll of noise {unknown}


   Skills:
 + Level 3.7 Fighting
 + Level 3.1 Axes
 + Level 3.7 Armour
 * Level 0.8 Dodging
 + Level 3.6 Shields


You had 2 spell levels left.
You didn't know any spells.
Your spell library contained the following spells:

 Spells                   Type           Power      Damage    Failure   Level
 Hailstorm                Conj/Ice       0%         3d5       91%         3
 Summon Ice Beast         Ice/Summ       0%         N/A       91%         3
 Permafrost Eruption      Ice/Erth       0%         2x4d1     100%        6
 Sculpt Simulacrum        Ice/Alch       0%         N/A       100%        6


Dungeon Overview and Level Annotations

Branches:
Dungeon (2/15)

Altars:

Shops:
D:2 [


Innate Abilities, Weirdness & Mutations

Your spellcasting is much less encumbered by armour.
You can use scrolls of enchantment on lesser artefacts.


Message History

You slash the gnoll!
The gnoll is almost dead.
You closely miss the gnoll. The gnoll hits you but does no damage.
The gnoll hits you with a +0 club.
You barely miss the gnoll. You miss the bat. You closely miss the gnoll.
The bat misses you. The gnoll hits you with a +0 spear.
The gnoll barely misses you. The gnoll hits you with a +0 club.
You hit the gnoll.
The gnoll is moderately wounded.
You slash the gnoll!
You kill the gnoll!
The bat barely misses you. The gnoll hits you but does no damage.
The gnoll hits you from afar with a +0 halberd!
The gnoll hits you but does no damage. The gnoll closely misses you.
Your Axes skill increases to level 3!
The gnoll hits you from afar with a +0 spear.
The bat hits you. You block the bat's attack. You block the gnoll's attack.
The gnoll barely misses you.
You slash the gnoll!
The gnoll is almost dead.
You miss the bat. The bat barely misses you.
The gnoll hits you but does no damage. The gnoll hits you with a +0 halberd.
The gnoll hits you from afar with a +2 vampiric spear.
The bat completely misses you.
You slice the gnoll!!
You kill the gnoll!
You closely miss the bat. The bat closely misses you. The gnoll misses you.
The gnoll hits you but does no damage.
It was a potion of haste.
You feel yourself speed up. The bat barely misses you.
The gnoll closely misses you.
The gnoll hits you from afar with a +0 spear.
* * * LOW HITPOINT WARNING * * *
The bat attacks as it pursues you! The bat hits you but does no damage.
The bat closely misses you. The gnoll attacks as it pursues you!
The gnoll hits you from afar with a +2 vampiric spear.
* * * LOW HITPOINT WARNING * * *
The gnoll hits you from afar with a +2 vampiric spear.
You die...

## #. ####. ##
####### #....
.# #......
#.##g .#
#......
#.##.#.#
#......
#@##)..#
#......
#.###g.#
#......
#.g.gb.#
#.<....
#####.##
#......
#.######.#.##.
#.##..........
#.##.####..###
#......##.)...
####.#.#......


You could see a gnoll.

Vanquished Creatures
  2 gnolls (D:2)
  A ribbon worm (D:2)
  A dart slug (D:1)
  4 endoplasms (D:1)
  3 giant cockroaches (D:1)
  6 goblins (D:1)
  A hobgoblin (D:1)
  A quokka (D:2)
  4 bats
  A frilled lizard (D:1)
  A kobold (D:2)
  5 rats
30 creatures vanquished.

Notes
Turn   | Place    | Note
-------+----------+-------------------------------------------
     0 | D:1      | Dorkslayer the Mountain Dwarf Fighter began the quest for
                  | the Orb.
     0 | D:1      | Reached XP level 1. HP: 19/19 MP: 1/1
   177 | D:1      | Reached XP level 2. HP: 26/26 MP: 2/2
   579 | D:2      | Reached XP level 3. HP: 31/33 MP: 3/3
   585 | D:2      | Found Xeuvow's Armour Boutique.
   688 | D:2      | Slain by a gnoll

Illustrated notes

Levels and vault maps discovered:
D:1:      matt_arrival_diagonals, layout_basic
D:2:      layout_loops_cross, serial_shops, nicolae_shop_statue_plus

Skill      XL: |  1  2  3 |
---------------+----------+-----
Axes           | 3 |  3.1
Fighting       | |  3.7
Armour         | |  3.7
Dodging        | |  0.8
Shields        | |  3.6

Action                     || total
---------------------------++-------
  Melee: War axe           ||    74
    Use: Potion            ||     2
 Armour: Scale mail        ||    62
  Dodge: Dodged            ||    49
  Block: Buckler           ||    18

Table legend: (Time is in decaauts)
 A = Elapsed time spent in this place.
 B = Non-inter-level travel time spent in this place.
 C = Inter-level travel time spent in this place.
 D = Time resting spent in this place.
 E = Time spent auto-exploring this place.
 F = Levels seen in this place.
 G = Mean time per level.
                   A        B        C        D        E       F      G
               +--------+--------+--------+--------+--------+-----+--------+
         Total |    715 |    715 |      0 |      0 |    391 |   2 |  357.5 |
       Dungeon |    715 |    715 |      0 |      0 |    391 |   2 |  357.5 |
               +--------+--------+--------+--------+--------+-----+--------+

Top non-repeatable levels by time:
     D:1: 577 daAuts
     D:2: 137 daAuts
